General information
- name: BNet
- type: Ladder team game (AT/RT)
- host: Battle.net
- saver: Sacrifice
map: FullScaleAssault
- players: 8
- length: 41:33
- speed: Fast
- version: 1.28 W3XP
- replay type: Public
» download(210 KB)
Players
team 1 (loser)

»
racecaradar (
yellow | 52 APM | 243 actions | 04:42)
2 Dreadlord
1 Sleep
1 Carrion Swarm
» actions
| Assign group hotkey | 32 | |
| Basic commands | 7 | |
| Build / train | 14 | |
| Enter build submenu | 12 | |
| Enter hero's abilities submenu | 2 | |
| Right click | 55 | |
| Select / deselect | 55 | |
| Select group hotkey | 52 | |
| Use ability | 14 | |
243 total
» units
| Acolyte | 3 | |
| Ghoul | 3 | |
| Crypt Fiend | 1 | |
7 total
» buildings
| Crypt | 1 | |
| Graveyard | 1 | |
| Ziggurat | 2 | |
| Altar of Darkness | 1 | |
| Tomb of Relics | 1 | |
| Halls of the Dead | 1 | |
| Necropolis | 1 | |
8 total
» build order
00:08 Crypt
00:12 Graveyard
00:41 Ziggurat
01:02 Altar of Darkness
01:43 Ziggurat
02:12 Tomb of Relics
03:08 Halls of the Dead
04:27 Necropolis
» items
warriors (
pink | 15 APM | 459 actions | 30:20)
3 Archmage
2 Summon Water Elemental
1 Blizzard
» actions
| Build / train | 61 | |
| Enter build submenu | 38 | |
| Enter hero's abilities submenu | 3 | |
| Right click | 102 | |
| Select / deselect | 213 | |
| Use ability | 42 | |
459 total
» units
| Peasant | 15 | |
| Footman | 5 | |
| Rifleman | 2 | |
| Siege Engine | 10 | |
| Knight | 5 | |
37 total
» upgrades
| Swords | 3 | |
| Lumber Harvesting | 1 | |
| Animal War Training | 1 | |
| Barrage | 1 | |
| Gunpowder | 2 | |
8 total
» buildings
| Altar of Kings | 1 | |
| Farm | 12 | |
| Barracks | 2 | |
| Lumber Mill | 1 | |
| Arcane Vault | 1 | |
| Scout Tower | 6 | |
| Guard Tower | 6 | |
| Keep | 1 | |
| Blacksmith | 2 | |
| Castle | 2 | |
| Workshop | 2 | |
| Town Hall | 2 | |
| Gryphon Aviary | 1 | |
39 total
» build order
00:08 Altar of Kings
00:30 Farm
01:00 Barracks
01:11 Farm
01:36 Lumber Mill
01:56 Farm
02:25 Arcane Vault
02:53 Scout Tower
03:29 Guard Tower
03:32 Scout Tower
03:39 Farm
04:30 Guard Tower
04:34 Scout Tower
04:38 Keep
04:43 Blacksmith
05:08 Guard Tower
05:31 Scout Tower
06:00 Guard Tower
06:16 Farm
06:59 Castle
07:14 Workshop
09:40 Farm
10:30 Workshop
10:51 Town Hall
11:41 Farm
12:19 Farm
12:55 Farm
13:44 Farm
14:38 Farm
17:23 Farm
18:40 Scout Tower
19:12 Guard Tower
19:16 Scout Tower
19:55 Guard Tower
28:42 Castle
28:57 Blacksmith
29:42 Barracks
29:50 Gryphon Aviary
30:09 Town Hall
» items
| Scroll of Town Portal | 2 | |
| Potion of Healing | 1 | |
3 total
WC-and-ChiIl (
teal | 112 APM | 4670 actions | 41:32)
5 Blademaster
3 Wind Walk
2 Critical Strike
5 Shadow Hunter
3 Hex
2 Healing Wave
» actions
| Assign group hotkey | 110 | |
| Basic commands | 44 | |
| Build / train | 172 | |
| ESC pressed | 8 | |
| Enter build submenu | 49 | |
| Enter hero's abilities submenu | 11 | |
| Give item / drop item | 3 | |
| Right click | 1994 | |
| Select / deselect | 850 | |
| Select group hotkey | 1092 | |
| Use ability | 336 | |
4670 total
» units
| Peon | 15 | |
| Grunt | 8 | |
| Troll Headhunter/Berserker | 12 | |
| Goblin Shredder | 11 | |
| Goblin Zeppelin | 17 | |
| Kodo Beast | 2 | |
| Shaman | 3 | |
| Raider | 5 | |
| Troll Witch Doctor | 3 | |
| Spirit Walker | 2 | |
78 total
» upgrades
| Ranged Weapons | 3 | |
| Armor | 3 | |
| Berserker Strength | 1 | |
| Pillage | 1 | |
| Berserker Upgrade | 1 | |
| Reinforced Defenses | 1 | |
| Shaman Training | 2 | |
| Witch Doctor Training | 2 | |
| War Drums Damage Increase | 1 | |
| Troll Regeneration | 1 | |
| Ensnare | 1 | |
| Spirit Walker Training | 2 | |
| Melee Weapons | 3 | |
| Spiked Barricades | 1 | |
23 total
» buildings
| Orc Burrow | 7 | |
| Altar of Storms | 2 | |
| Barracks | 1 | |
| Voodoo Lounge | 2 | |
| Stronghold | 12 | |
| War Mill | 1 | |
| Great Hall | 1 | |
| Watch Tower | 30 | |
| Fortress | 3 | |
| Spirit Lodge | 2 | |
| Beastiary | 1 | |
62 total
» build order
00:06 Orc Burrow
00:13 Orc Burrow
01:05 Altar of Storms
01:08 Barracks
01:52 Voodoo Lounge
02:20 Orc Burrow
04:29 Stronghold
04:29 Stronghold
04:32 War Mill
05:24 Great Hall
05:52 Orc Burrow
08:51 Watch Tower
08:52 Watch Tower
08:56 Fortress
09:18 Watch Tower
09:33 Watch Tower
09:35 Watch Tower
09:45 Watch Tower
09:55 Watch Tower
12:50 Watch Tower
15:23 Watch Tower
15:25 Watch Tower
15:31 Voodoo Lounge
15:55 Watch Tower
15:56 Watch Tower
17:20 Spirit Lodge
17:21 Spirit Lodge
17:23 Beastiary
19:06 Watch Tower
19:07 Watch Tower
19:08 Watch Tower
19:11 Watch Tower
19:11 Watch Tower
19:12 Watch Tower
19:14 Watch Tower
19:19 Watch Tower
19:24 Watch Tower
19:29 Watch Tower
23:52 Altar of Storms
23:54 Stronghold
23:55 Stronghold
23:55 Stronghold
25:40 Orc Burrow
25:43 Orc Burrow
25:47 Orc Burrow
25:48 Stronghold
25:48 Stronghold
25:48 Stronghold
25:51 Watch Tower
25:51 Watch Tower
26:16 Watch Tower
26:18 Watch Tower
26:23 Watch Tower
26:25 Watch Tower
28:04 Watch Tower
28:05 Watch Tower
» items
| Healing Salve | 4 | |
| Lesser Clarity Potion | 3 | |
| Scroll of Town Portal | 4 | |
| Orb of Lightning | 2 | |
| Tiny Great Hall | 1 | |
| Scroll of Healing | 2 | |
| Staff of Teleportation | 1 | |
| Boots of Speed | 1 | |
| Periapt of Vitality | 1 | |
19 total

»
WoWBerryFast (
blue | 63 APM | 233 actions | 03:42)
1 Mountain King
1 Storm Bolt
» actions
| Assign group hotkey | 4 | |
| Build / train | 18 | |
| Enter build submenu | 7 | |
| Enter hero's abilities submenu | 1 | |
| Right click | 68 | |
| Select / deselect | 95 | |
| Select group hotkey | 32 | |
| Use ability | 8 | |
233 total
» units
» buildings
| Altar of Kings | 1 | |
| Farm | 3 | |
| Barracks | 1 | |
| Keep | 1 | |
| Lumber Mill | 1 | |
| Arcane Vault | 1 | |
8 total
» build order
00:16 Altar of Kings
00:20 Farm
00:56 Farm
01:22 Barracks
01:32 Farm
03:04 Keep
03:17 Lumber Mill
03:30 Arcane Vault
team 2 (winner)

»
AMORDENOCHE (
green | 37 APM | 180 actions | 04:48)
1 Pandaren Brewmaster
1 Breath of Fire
» actions
| Assign group hotkey | 7 | |
| Basic commands | 8 | |
| Build / train | 23 | |
| ESC pressed | 1 | |
| Enter build submenu | 11 | |
| Enter hero's abilities submenu | 1 | |
| Right click | 46 | |
| Select / deselect | 37 | |
| Select group hotkey | 27 | |
| Use ability | 19 | |
180 total
» units
» buildings
| Farm | 5 | |
| Altar of Kings | 1 | |
| Scout Tower | 6 | |
| Arcane Tower | 1 | |
| Town Hall | 1 | |
| Lumber Mill | 1 | |
15 total
» build order
00:15 Farm
00:25 Farm
01:31 Altar of Kings
01:34 Farm
01:37 Scout Tower
01:57 Farm
02:09 Arcane Tower
02:18 Farm
03:57 Town Hall
04:13 Scout Tower
04:13 Scout Tower
04:14 Scout Tower
04:15 Scout Tower
04:16 Scout Tower
04:20 Lumber Mill
LastManStanding (
purple | 59 APM | 2471 actions | 41:32)
5 Death Knight
2 Death Coil
3 Unholy Aura
4 Lich
2 Frost Armor
2 Frost Nova
1 Blood Mage
1 Flame Strike
» actions
| Assign group hotkey | 97 | |
| Basic commands | 23 | |
| Build / train | 91 | |
| ESC pressed | 14 | |
| Enter build submenu | 36 | |
| Enter hero's abilities submenu | 10 | |
| Give item / drop item | 4 | |
| Right click | 1297 | |
| Select / deselect | 442 | |
| Select group hotkey | 283 | |
| Use ability | 174 | |
2471 total
» units
| Acolyte | 15 | |
| Ghoul | 4 | |
| Crypt Fiend | 8 | |
| Obsidian Statue | 3 | |
| Abomination | 4 | |
| Necromancer | 7 | |
41 total
» upgrades
| Creature Attack | 1 | |
| Creature Carapace | 1 | |
| Web | 1 | |
| Burrow | 1 | |
| Unholy Strength | 3 | |
| Unholy Armor | 2 | |
| Necromancer Training | 2 | |
| Skeletal Longevity | 1 | |
| Disease Cloud | 1 | |
| Skeletal Mastery | 1 | |
14 total
» buildings
| Ziggurat | 13 | |
| Crypt | 2 | |
| Graveyard | 2 | |
| Altar of Darkness | 2 | |
| Tomb of Relics | 1 | |
| Halls of the Dead | 1 | |
| Spirit Tower | 3 | |
| Nerubian Tower | 4 | |
| Slaughterhouse | 1 | |
| Black Citadel | 1 | |
| Temple of the Damned | 1 | |
| Necropolis | 3 | |
| Keep | 2 | |
| Blacksmith | 1 | |
| Guard Tower | 1 | |
| Barracks | 2 | |
| Farm | 14 | |
54 total
» build order
00:14 Ziggurat
00:17 Crypt
00:47 Graveyard
01:09 Altar of Darkness
01:34 Ziggurat
02:11 Tomb of Relics
05:01 Halls of the Dead
05:13 Ziggurat
05:45 Ziggurat
06:27 Spirit Tower
06:28 Nerubian Tower
07:35 Slaughterhouse
08:59 Black Citadel
09:06 Temple of the Damned
09:12 Ziggurat
14:27 Ziggurat
16:52 Necropolis
19:54 Ziggurat
19:55 Ziggurat
19:57 Ziggurat
20:03 Keep
20:06 Keep
20:08 Blacksmith
20:10 Guard Tower
20:17 Barracks
20:19 Barracks
20:25 Farm
20:26 Farm
20:26 Farm
20:27 Farm
20:27 Farm
20:27 Farm
20:27 Farm
20:28 Farm
20:29 Farm
20:29 Farm
20:29 Farm
21:06 Spirit Tower
24:24 Ziggurat
24:25 Ziggurat
25:06 Necropolis
25:11 Spirit Tower
29:23 Nerubian Tower
29:24 Nerubian Tower
31:58 Altar of Darkness
32:03 Necropolis
33:03 Ziggurat
33:07 Ziggurat
33:08 Crypt
34:57 Nerubian Tower
35:02 Graveyard
» items
| Rod of Necromancy | 1 | |
| Potion of Lesser Invulnerability | 2 | |
| Orb of Corruption | 1 | |
| Scroll of Town Portal | 1 | |
| Potion of Healing | 1 | |
| Dust of Appearance | 1 | |
7 total

»
JBGarrison72 (
red | 33 APM | 1182 actions | 36:05)
6 Priestess of the Moon
2 Searing Arrows
3 Trueshot Aura
1 Starfall
» actions
| Basic commands | 185 | |
| Build / train | 91 | |
| Enter build submenu | 30 | |
| Enter hero's abilities submenu | 6 | |
| Give item / drop item | 1 | |
| Right click | 277 | |
| Select / deselect | 496 | |
| Use ability | 96 | |
1182 total
» units
| Wisp | 30 | |
| Huntress | 2 | |
| Druid of the Talon | 8 | |
| Dryad | 7 | |
| Goblin Zeppelin | 1 | |
| Mountain Giant | 4 | |
| Faerie Dragon | 5 | |
| Goblin Shredder | 1 | |
58 total
» upgrades
| Sentinel | 1 | |
| Druid of the Talon Training | 2 | |
| Abolish Magic | 2 | |
| Reinforced Hides | 2 | |
| Strength of the Wild | 2 | |
| Ultravision | 1 | |
| Resistant Skin | 1 | |
| Mark of the Talon | 1 | |
| Nature's Blessing | 1 | |
| Moon Armor | 2 | |
| Strength of the Moon | 1 | |
16 total
» buildings
| Altar of Elders | 1 | |
| Moon Well | 8 | |
| Hunter's Hall | 1 | |
| Tree of Ages | 4 | |
| Ancient of War | 1 | |
| Ancient of Wonders | 2 | |
| Ancient Protector | 7 | |
| Ancient of Lore | 2 | |
| Ancient of Wind | 2 | |
| Tree of Eternity | 2 | |
| Tree of Life | 3 | |
33 total
» build order
00:15 Altar of Elders
00:19 Moon Well
01:00 Hunter's Hall
01:24 Moon Well
02:42 Tree of Ages
02:51 Ancient of War
03:15 Moon Well
03:21 Ancient of Wonders
03:36 Moon Well
04:26 Ancient Protector
04:41 Ancient Protector
05:31 Ancient of Lore
05:36 Ancient of Wind
12:04 Tree of Eternity
12:54 Tree of Life
19:04 Tree of Life
19:24 Tree of Ages
20:38 Ancient Protector
20:42 Ancient Protector
20:46 Moon Well
21:17 Tree of Ages
22:28 Moon Well
22:32 Tree of Life
22:35 Ancient of Wonders
22:36 Moon Well
22:40 Ancient Protector
22:42 Moon Well
24:24 Ancient of Lore
24:28 Ancient of Wind
27:31 Tree of Eternity
28:23 Ancient Protector
28:32 Ancient Protector
30:02 Tree of Ages
» items
| Lesser Clarity Potion | 1 | |
| Boots of Speed | 1 | |
| Periapt of Vitality | 1 | |
| Scroll of Town Portal | 1 | |
4 total
Sacrifice (
orange | 50 APM | 2083 actions | 41:33)
7 Death Knight
3 Death Coil
3 Unholy Aura
1 Death Pact
» actions
| Assign group hotkey | 102 | |
| Basic commands | 194 | |
| Build / train | 84 | |
| Enter build submenu | 27 | |
| Enter hero's abilities submenu | 7 | |
| Give item / drop item | 11 | |
| Remove unit from queue | 1 | |
| Right click | 763 | |
| Select / deselect | 401 | |
| Select group hotkey | 356 | |
| Use ability | 137 | |
2083 total
» units
| Acolyte | 16 | |
| Ghoul | 4 | |
| Crypt Fiend | 7 | |
| Goblin Shredder | 1 | |
| Gargoyle | 8 | |
| Goblin Zeppelin | 3 | |
| Blue Dragon | 3 | |
| Goblin Sapper | 10 | |
52 total
» upgrades
| Web | 1 | |
| Creature Attack | 3 | |
| Creature Carapace | 3 | |
| Stone Form | 1 | |
| Burrow | 1 | |
9 total
» buildings
| Crypt | 2 | |
| Ziggurat | 25 | |
| Altar of Darkness | 1 | |
| Graveyard | 1 | |
| Tomb of Relics | 1 | |
| Halls of the Dead | 1 | |
| Necropolis | 4 | |
| Nerubian Tower | 1 | |
| Black Citadel | 1 | |
| Spirit Tower | 4 | |
41 total
» build order
00:07 Crypt
00:09 Ziggurat
00:38 Altar of Darkness
01:14 Graveyard
01:37 Ziggurat
02:19 Ziggurat
02:33 Tomb of Relics
04:05 Halls of the Dead
05:21 Necropolis
06:30 Crypt
08:08 Ziggurat
08:08 Ziggurat
08:08 Ziggurat
08:09 Ziggurat
08:54 Nerubian Tower
09:08 Black Citadel
13:06 Ziggurat
13:07 Ziggurat
13:07 Ziggurat
13:07 Ziggurat
13:08 Ziggurat
14:16 Spirit Tower
15:30 Necropolis
16:09 Ziggurat
16:10 Ziggurat
16:10 Ziggurat
16:10 Ziggurat
17:29 Spirit Tower
20:13 Spirit Tower
23:08 Ziggurat
23:08 Ziggurat
23:09 Ziggurat
23:10 Ziggurat
23:12 Ziggurat
23:13 Ziggurat
23:13 Ziggurat
23:13 Ziggurat
23:14 Ziggurat
24:19 Spirit Tower
30:35 Necropolis
30:40 Necropolis
» items
| Rod of Necromancy | 1 | |
| Periapt of Vitality | 1 | |
| Staff of Teleportation | 2 | |
| Scroll of Town Portal | 3 | |
7 total
Chat log
(00:10 / Allies) JBGarrison72: dryads/dots/fairies
(00:11 / Allies) JBGarrison72: potm hero
(02:22 / Allies) Sacrifice: gold?
(02:35 / Allies) Sacrifice: ty
(02:39 / Allies) JBGarrison72: np
(03:32 / Allies) AMORDENOCHE: b
(03:35 / Allies) AMORDENOCHE: bbbbbb
(03:43 / Allies) AMORDENOCHE: purp b
(03:49 / All) WC-and-ChiIl: wow
(03:57 / All) WC-and-ChiIl: I was headed to that expo fucking first
(04:03 / All) WC-and-ChiIl: and he rages out of the game because I creep it
(04:06 / Allies) LastManStanding: oh sry
(04:06 / Allies) JBGarrison72: w/e, team game don't sweat it
(04:13 / All) WC-and-ChiIl: he could've fucking had the expo and item for all I care, why the fuck does he leave
(04:42 / All) racecaradar: teal fucking troll noob
(04:45 / All) WC-and-ChiIl: WTF
(04:52 / All) warriors: wtf red
(04:54 / All) WC-and-ChiIl: and now yellow leaves lol
(05:02 / All) warriors: fuck u red
(05:04 / All) LastManStanding: i just play
(05:04 / All) WC-and-ChiIl: because I didn't agree with his bullshit opinion
(05:06 / Allies) Sacrifice: wh'd he leave
(05:09 / All) JBGarrison72: What?
(05:18 / Allies) JBGarrison72: ud, why you take agility tome?
(05:19 / All) warriors: LOL
(05:20 / Allies) JBGarrison72: i could use that
(05:34 / Allies) Sacrifice: dude why are you following me with level 1 hero
(05:40 / Allies) JBGarrison72: w/e
(05:50 / Allies) JBGarrison72: fuck off then, so much whining
(13:53 / All) warriors: ill financially ruin u red
(13:59 / All) JBGarrison72: ok
(14:03 / All) JBGarrison72: can i borrow money?
(14:14 / All) warriors: no
(15:14 / All) WC-and-ChiIl: lol invul pot to just the am
(16:30 / All) LastManStanding: ;)
(18:41 / Allies) Sacrifice: I have a dragon somehwere
(18:44 / Allies) Sacrifice: anyone know hwere?
(18:50 / Allies) JBGarrison72: no
(19:09 / All) Sacrifice: I lost my dragon
(19:13 / All) Sacrifice: it's somewhere
(19:18 / Allies) JBGarrison72: it'll turn up
(19:44 / Allies) Sacrifice: purple do you see an orange dragon where
(19:46 / Allies) Sacrifice: anywhere
(19:50 / Allies) Sacrifice: wtf
(20:17 / All) Sacrifice: ANYONE SEE A FUCKING DRAGON
(20:35 / All) warriors: at ur moms house
(20:51 / All) Sacrifice: there it is
(20:53 / All) Sacrifice: in the snow
(21:15 / All) warriors: fuck teal
(23:58 / All) WC-and-ChiIl: :)
(25:20 / Allies) LastManStanding: Why?
(25:26 / Allies) Sacrifice: you no help me
(25:26 / Allies) LastManStanding: honestly dude
(25:27 / Allies) Sacrifice: fuck u!
(25:31 / Allies) LastManStanding: you're an idiot
(25:47 / Allies) LastManStanding: you dont help yourself. so dont complain about me helping u
(26:04 / Allies) Sacrifice: fuck u noob
(26:11 / Allies) LastManStanding: you're an idiot
(26:15 / Allies) LastManStanding: you just proved as much
(26:18 / Allies) LastManStanding: keep being an idiot :)
(26:19 / Allies) Sacrifice: newbie!
(26:27 / Allies) LastManStanding: im stoned casually playing
(26:30 / Allies) LastManStanding: you're an idiot
(26:33 / Allies) Sacrifice: I just raped you newbie!
(26:35 / All) warriors: hurry up and attack teal he sucks
(26:35 / Allies) Sacrifice: you a scrub lol!
(26:37 / Allies) LastManStanding: rage more
(26:42 / Allies) LastManStanding: you have some issues i think
(26:42 / All) warriors: destroyed our whole team
(26:47 / All) WC-and-ChiIl: GO AWAY ASSHOLE ELF
(26:50 / Allies) Sacrifice: you gave up lol! you know yo ucan't stand before my might!
(27:03 / Allies) LastManStanding: you're not even good at trolling
(27:10 / Allies) LastManStanding: it's coming off too desperate
(27:11 / Allies) Sacrifice: u got raped
(27:11 / Allies) Sacrifice: mad?
(27:24 / All) JBGarrison72: well done lol
(27:26 / All) WC-and-ChiIl: raped
(27:29 / All) warriors: LOL red u whore
(27:46 / Allies) LastManStanding: see i dont think u could beat them
(27:49 / Allies) LastManStanding: so you decided to rage
(27:52 / Allies) Sacrifice: HEHE
(27:56 / Allies) Sacrifice: u got rocked hard!
(28:06 / Allies) LastManStanding: whatever makes you feel better
(28:10 / Allies) Sacrifice: now you try reverse psychology lol!
(28:20 / Allies) LastManStanding: take a shit on your own face and expect someone to think what?
(28:39 / Allies) LastManStanding: the only logical conlusion
(28:48 / Allies) LastManStanding: your behavior reflects poorly on you as a player and a person
(30:26 / All) WC-and-ChiIl: finally made pink leave too
(30:27 / Allies) LastManStanding: it seems highly likely that you suffer from anger issues
(30:35 / Allies) LastManStanding: i feel bad for you tbh
(30:47 / Allies) LastManStanding: when you feel the need to lash out at others online
(30:52 / Allies) LastManStanding: and create conflict
(30:56 / Allies) LastManStanding: in order to feel superior
(31:05 / Allies) LastManStanding: it's indicative of some serious power/control issues
(31:14 / Allies) LastManStanding: you might want to talk to someone
(31:25 / Allies) LastManStanding: not even tryn to be a dick
(31:38 / Allies) LastManStanding: i think you'd benefit from talking to a pyschiatrist
(31:58 / Allies) JBGarrison72: uh oj?
(32:00 / Allies) JBGarrison72: why my base?
(32:05 / Allies) JBGarrison72: i didn't do anything to you
(32:08 / Allies) JBGarrison72: ?
(32:09 / Allies) Sacrifice: u no help me, now you gotta pay the piper!
(32:09 / Allies) LastManStanding: like i said
(32:15 / Allies) LastManStanding: he has control issues
(32:16 / Allies) JBGarrison72: what? what do you mean?
(32:18 / Allies) LastManStanding: this is a way of getting control
(32:26 / Allies) LastManStanding: its not uncommon
(32:33 / Allies) LastManStanding: he needs to create conflict
(32:37 / All) JBGarrison72: Oj tk'ing all of us for some reason
(32:43 / Allies) LastManStanding: its a power trip
(32:43 / All) WC-and-ChiIl: leave faggot
(32:45 / All) Sacrifice: NO HELP = U DIE
(32:50 / Allies) JBGarrison72: oj, i DID help you, what are you tlaking about?
(32:55 / Allies) LastManStanding: to make up for a likely pathetic and meaningless existance
(32:59 / Allies) JBGarrison72: i was with you during the whol attack on bottom?
(33:04 / Allies) JBGarrison72: i don't get it
(33:10 / Allies) Sacrifice: u didn't help me when I almost lost my base to tanks!
(33:13 / Allies) Sacrifice: NOW U WILL PAY!
(33:26 / Allies) JBGarrison72: you know oj, i wait forever for a game, and then you pull this...
(33:27 / Allies) LastManStanding: did you help me? no you didnt
(33:32 / Allies) JBGarrison72: so, basically we could have won
(33:35 / Allies) LastManStanding: you str8 idiot m8
(33:38 / Allies) JBGarrison72: but now, you're making that impossible
(33:47 / Allies) JBGarrison72: so guess what oj
(33:48 / Allies) LastManStanding: sorry to break it to you, but you're brain isn't functioning how it should
(33:51 / Allies) JBGarrison72: i've seen you in game before
(33:54 / Allies) LastManStanding: you need to get therapy
(33:59 / Allies) JBGarrison72: and im tk'ing you every single game i see you
(34:04 / Allies) LastManStanding: no
(34:04 / Allies) Sacrifice: NO
(34:06 / Allies) JBGarrison72: telling everyone i know to do the same
(34:07 / Allies) Sacrifice: I WILL TK U
(34:09 / Allies) LastManStanding: he needs help, empathy
(34:09 / Allies) Sacrifice: U CANT TK ME
(34:10 / Allies) LastManStanding: not anger
(34:11 / Allies) JBGarrison72: w/e bro
(34:14 / Allies) Sacrifice: I AM THE LORD AND MASTER OF THIS GAME!
(34:18 / Allies) LastManStanding: he's all about "control"
(34:21 / Allies) JBGarrison72: everyone i know is adding you to TK list
(34:23 / Allies) LastManStanding: quite sad
(34:26 / Allies) JBGarrison72: kiss your record good by
(34:30 / Allies) Sacrifice: BRING IT ON
(34:33 / Allies) LastManStanding: he will convince himself
(34:34 / Allies) Sacrifice: I WILL DESTROY U ALL
(34:34 / Allies) LastManStanding: he is trolling
(34:37 / Allies) Sacrifice: I AM THE KING OF BNET!
(34:37 / Allies) JBGarrison72: what a little kid
(34:38 / Allies) LastManStanding: that he is in control
(34:40 / Allies) LastManStanding: no matter what
(34:44 / Allies) JBGarrison72: what a child oj
(34:45 / Allies) LastManStanding: he has a serious condition
(34:46 / Allies) JBGarrison72: you are a child
(34:48 / Allies) LastManStanding: he could be suicidal
(34:51 / Allies) LastManStanding: i wouldn't push him
(34:59 / Allies) Sacrifice: NONE CAN STAND BEFORE MY MIGHT
(35:03 / Allies) Sacrifice: U WILL ALL DIE BY MY HANDS
(35:12 / Allies) LastManStanding: think about it like this...
(35:16 / Allies) LastManStanding: he NEEDS to do this
(35:27 / Allies) LastManStanding: nothing you do or say could hurt me OJ
(35:29 / Allies) Sacrifice: YOU GOT A BIG MOUTH LITTLE MAN
(35:32 / Allies) LastManStanding: i just straight up feel bad for you man
(35:43 / Allies) Sacrifice: U NOT MAKE BASE
(35:47 / Allies) Sacrifice: I NOT GIVE U PERMISSION
(35:54 / All) JBGarrison72: oj is a child
(36:10 / All) WC-and-ChiIl: and you were childs play, HEHE
(37:15 / All) WC-and-ChiIl: raped
(37:21 / All) LastManStanding: u help a tker?
(37:27 / All) WC-and-ChiIl: I win
(37:30 / All) LastManStanding: i thought you were a better player than that
(40:13 / Allies) Sacrifice: Leave little man
(40:16 / Allies) Sacrifice: You have no power here
(40:18 / Allies) LastManStanding: i dont leave games
(40:23 / Allies) LastManStanding: you have no power, at all
(40:30 / Allies) LastManStanding: you're trolling is entertaining me
(40:31 / Allies) Sacrifice: Wallow in your weakness
(40:40 / Allies) LastManStanding: because it's pretty damn poor attempt
(40:50 / Allies) LastManStanding: you started randomely
(40:50 / Allies) Sacrifice: I am the great champion! I AM THE KING OF BNET!
(40:54 / Allies) Sacrifice: NONE CAN WITHSTAND MY MIGHT
(40:54 / Allies) LastManStanding: after your own failure
(41:00 / Allies) LastManStanding: you weren't consistent
(41:06 / Allies) LastManStanding: it took you a long time to execute
(41:11 / Allies) LastManStanding: your banter is sub-retard, at best
(41:18 / Allies) LastManStanding: what else can you offer us?
(41:20 / Allies) LastManStanding: nothing
(41:24 / All) Sacrifice: I AM THE GREAT CHAMPION
(41:27 / All) Sacrifice: THE HERO WITHOUT EQUAL
(41:30 / All) Sacrifice: PURPLE IS MY BITCH
(41:31 / Allies) LastManStanding: yea, we heard your shit line